LetsOutscumLuxidream, neutral female scurrid Tourist -- ---------------------- |. ........ ...........| |.. ..e..... ...........| --------... ..}}}}.`.......Z...------ ------ }}.....}}}.`}}}}}}d.g.......}}}}d.. }}}}}| ....}}.}}}}....}}.`.}}f..}}..}}} }}}d..}}}| }}...........Y}}}}}.}}}Z...q. ......d....}}| .............}}.Y.....Z.. }}.......... -......d................- ..}}}}.......- |.......................| ....}}}.}........| ---------........}}}}....}}.....--------- ..}}..}}}........n...- |}}}..........}}}....%....}}}......}}}........}}}}}}..... |}}}}.......O}}}.............}..*}}..}}}}}}...Y}} |}}}}}}}}..}}}.}}}}}}......./.}}}......} |}}}}}}%.}}}........}}}f.>}}}}.....` -.............@}}}......- |....Y......*...........| |../..<(................| ------------------------- LetsOutscumLuxidream the Rambler Experience level: 1 Strength: 10 Dexterity: 15 Constitution: 11 Intelligence: 14 Wisdom: 8 Charisma: 17 Health: 0(9) Energy: 2(2) Def: 0 Gold: 624 Moves: 57 Dungeon seed: u7svUwocOTIHUcz6 Game ID: LetsOutscumLuxidream_1498227856 Your Inventory: Coins $ - 624 gold pieces Amulets t - an uncursed amulet of ESP (being worn) Weapons a - 39 uncursed +2 darts (in quiver) Comestibles f - 2 uncursed tins of jackal meat Potions h - an uncursed potion of extra healing i - a blessed potion of extra healing Wands m - an uncursed wand of secret door detection (0:11) Tools k - an uncursed expensive camera (0:56) l - an uncursed credit card Spells and supernatural/magical abilities: Name Level Category Fail Memory W - pray for help -- divine ? -- Your skills at the end: Miscellaneous Skills wands [Basic] Weapon Skills dart [Basic] Spellcasting Skills Final Attributes: You were devoutly aligned. You were telepathic. You had infravision. You were very stealthy. You are dead. Vanquished creatures: 2 manes Voluntary challenges: You went without food. You did not cause conflict. You were not invisible. You did not have reflection. You were not displaced. You were an atheist. You never hit with a wielded weapon. You did not use tools. You did not use plumbed fixtures. You did not drink any magical draughts. You read items or engraved 2 times, starting on turn 26. You never genocided any monsters. You never polymorphed an object. You never changed form. You used no wishes. You never split a pudding. You never wrote Elbereth's name. You never violated your personal moral code. Dungeon overview: The Dungeons of Doom: levels 1 to 14 Level 1 a long staircase Level 2 Level 3 Level 4 Level 5 Level 6 Level 7 a fountain Level 8 Level 9 Level 10 Level 11 a fountain Level 12 Level 13 Level 14 <- You were here History has recorded: On T:1 you entered the Dungeons of Doom to retrieve the Amulet of Yendor! On T:10 you reached level 4 of The Dungeons of Doom. On T:12 you reached level 5 of The Dungeons of Doom. On T:14 you reached level 6 of The Dungeons of Doom. On T:16 you reached level 7 of The Dungeons of Doom. On T:37 you reached level 8 of The Dungeons of Doom. On T:40 you reached level 9 of The Dungeons of Doom. On T:46 you reached level 10 of The Dungeons of Doom. On T:48 you reached level 11 of The Dungeons of Doom. On T:50 you reached level 12 of The Dungeons of Doom. On T:52 you reached level 13 of The Dungeons of Doom. On T:55 you reached level 14 of The Dungeons of Doom. Score breakdown: Gold: 0 ( 0 points) Experience: 1 level ( 0 points) Exploration: 14 levels ( 390 points) Discoveries: 3 items ( 150 points) Variety of kills: 1 monster ( 50 points) Major goal: (nothing yet) ( 0 points) Survival: died (score multiplied by 3) Total score: 1770 Latest messages: Look for a ...ic transporter. You couldn't quite make out that last message. You start digging downward. You continue digging downward. You dig a pit in the floor. You continue digging downward. You dig a hole through the floor. You fall through... You start digging downward. You continue digging downward. You dig a pit in the floor. You continue digging downward. You dig a hole through the floor. You fall through... You start digging downward. You continue digging downward. You dig a pit in the floor. You continue digging downward. As you dig, the hole fills with lava! You fall into the lava! Your Hawaiian shirt bursts into flame! You burn to a crisp... Final status: Aloha LetsOutscumLuxidream the Tourist, burned by molten lava... You burned in The Dungeons of Doom on dungeon level 14 with 1770 points, and 624 pieces of gold, after 57 moves. You were level 1 with a maximum of 9 hit points when you burned.